 Dungeon Crawl Stone Soup version 0.28-a0-983-g1de4e07 (webtiles) character file.

Game seed: 15916253467875811145

9 Ayyar the Slasher (level 2, -10/22 HPs)
             Began as a Demonspawn Gladiator on Dec 2, 2021.
             Mangled by a goblin (15 damage)
             ... on level 2 of the Dungeon.
             The game lasted 00:00:52 (51 turns).

Ayyar the Slasher (Demonspawn Gladiator)              Turns: 51, Time: 00:00:53

Health: -10/22     AC:  4    Str: 14    XL:     2   Next: 6%
Magic:  2/2        EV: 12    Int:  9    God:
Gold:   0          SH:  0    Dex: 14    Spells: 1/1 levels left

rFire   . . .      SeeInvis .   a - +0 long sword
rCold   . . .      Faith    .   (no shield)
rNeg    . . .      Spirit   .   b - +0 leather armour
rPois   .          Reflect  .   c - +0 helmet
rElec   .          Harm     .   (no cloak)
rCorr   .          Rampage  .   (no gloves)
Will    .....                   (no boots)
Stlth   +.........              (no amulet)
HPRegen 0.07/turn               (no ring)
MPRegen 0.16/turn               (no ring)

@: no status effects
A: magic regeneration
a: no special abilities


You were on level 2 of the Dungeon.
You visited 1 branch of the dungeon, and saw 2 of its levels.

Inventory:

Hand Weapons
 a - a +0 long sword (weapon)
Missiles
 d - 3 throwing nets (quivered)
Armour
 b - a +0 leather armour (worn)
 c - a +0 helmet (worn)


   Skills:
 + Level 2.2 Fighting
 + Level 2.8 Long Blades
 + Level 2.0 Throwing
 + Level 2.8 Dodging


You had one spell level left.
You didn't know any spells.
Your spell library was empty.

Dungeon Overview and Level Annotations

Branches:
Dungeon (2/15)

Altars:


Innate Abilities, Weirdness & Mutations

You regenerate magic rapidly.


Message History

You slash the dart slug!
The dart slug is severely wounded.
The dart slug launches a dart at you. The slug dart misses you.
You hit the dart slug.
The dart slug is almost dead.
The dart slug bites you.
* * * LOW HITPOINT WARNING * * *
You hit the dart slug.
You kill the dart slug!
A goblin comes into view.
It is wielding a +1 dagger of distortion.
Your life force feels restored.
Your Throwing skill increases to level 2!
You have reached level 2!
Your demonic ancestry asserts itself...
Your magic begins to regenerate rapidly.
The goblin shouts!
You hear a shout!
A kobold comes into view. It is wielding a +0 dagger.
The kobold shouts!
The kobold throws a stone.
The stone closely misses you.
A bat comes into view.
The bat moves out of view.
Found 13 gold pieces.
Found a scroll labelled NOMO FUDOL.
The goblin barely misses you.
The kobold throws a stone.
The stone closely misses you. The bat closely misses you.
There is a stone staircase leading down here.
The bat hits you.
* * * LOW HITPOINT WARNING * * *
The goblin closely misses you.
You climb downwards.
Found 5 gold pieces and 28 stones.
There is a stone staircase leading up here.
The helpless endoplasm fails to defend itself.
You slash the endoplasm!
You kill the endoplasm!
The goblin hits you but does no damage. Space warps horribly around you!
Ouch! That really hurt!
You die...

...##.....
.........#
.........#
#........##
#..(.....$
#........#
#......g.#
#......@.#
#........#
#####.####
#. #


You could see a goblin.

Vanquished Creatures
  2 dart slugs (D:1)
  An endoplasm (D:2)
  A giant cockroach (D:1)
  A goblin (D:1)
  A bat (D:1)
  A rat (D:1)
7 creatures vanquished.

Notes
Turn   | Place    | Note
-------+----------+-------------------------------------------
     0 | D:1      | Ayyar the Demonspawn Gladiator began the quest for the Orb.
     0 | D:1      | Reached XP level 1. HP: 16/16 MP: 1/1
    33 | D:1      | Gained mutation: You regenerate magic rapidly. [demonic
                  | ancestry]
    33 | D:1      | Reached XP level 2. HP: 5/22 MP: 2/2
    51 | D:2      | Mangled by a goblin

Illustrated notes

Levels and vault maps discovered:
D:1:      dpeg_arrival_shelter, layout_rooms
D:2:      layout_rooms, chequers_serial_rivers_large_b, minmay_circled_x

Skill      XL: |  1 |
---------------+----+-----
Throwing       | 2 |  2.0
Fighting       | |  2.2
Long Blades    | |  2.8
Dodging        | |  2.8

Action                   || total
-------------------------++-------
Melee: Long sword        ||    14
 Stab: Sleeping          ||     1
Armor: Leather armour    ||     3
Dodge: Dodged            ||    18

Table legend: (Time is in decaauts)
 A = Elapsed time spent in this place.
 B = Non-inter-level travel time spent in this place.
 C = Inter-level travel time spent in this place.
 D = Time resting spent in this place.
 E = Time spent auto-exploring this place.
 F = Levels seen in this place.
 G = Mean time per level.
                   A        B        C        D        E       F      G
               +--------+--------+--------+--------+--------+-----+--------+
         Total |     54 |     54 |      0 |      0 |      6 |   2 |   27.0 |
       Dungeon |     54 |     54 |      0 |      0 |      6 |   2 |   27.0 |
               +--------+--------+--------+--------+--------+-----+--------+

Top non-repeatable levels by time:
     D:1: 53 daAuts
     D:2: 0 daAuts
